 Dungeon Crawl Stone Soup version 0.24.0-1-gfbc8707 (webtiles) character file.

Game seed: 18067006916873970937, levelgen mode: deterministic

46 Faca the Poker (level 3, 0/29 HPs)
             Began as a Merfolk Gladiator on Oct 25, 2019.
             Slain by a giant cockroach (2 damage)
             ... on level 2 of the Dungeon.
             The game lasted 00:01:58 (967 turns).

Faca the Poker (Merfolk Gladiator)                   Turns: 967, Time: 00:02:01

Health: 0/29       AC:  6    Str: 15    XL:     3   Next: 66%
Magic:  3/3        EV: 12    Int: 12    God:
Gold:   76         SH:  0    Dex: 15    Spells: 2/2 levels left

rFire    . . .     SeeInvis .   a - +0 trident
rCold    . . .     Gourm    .   (no shield)
rNeg     . . .     Faith    .   e - +0 ring mail
rPois    .         Spirit   .   c - +0 helmet
rElec    .         Reflect  .   (no cloak)
rCorr    .         Harm     .   (no gloves)
MR       .....                  (no boots)
Stlth    +.........             (no amulet)
HPRegen  0.09/turn              (no ring)
MPRegen  0.08/turn              (no ring)

@: brilliant
A: change form in water, swift swim, stealthy swim
a: no special abilities


You were on level 2 of the Dungeon.
You were not hungry.

You visited 1 branch of the dungeon, and saw 2 of its levels.

You collected 76 gold pieces.

Inventory:

Hand Weapons
 a - a +0 trident (weapon)
Missiles
 d - 3 throwing nets
 j - an atropa-tipped dart (quivered)
Armour
 c - a +0 helmet (worn)
 e - a +0 ring mail (worn)
Scrolls
 g - a scroll of identify {unknown}
 h - a scroll of fear {unknown}
 i - a scroll of teleportation {unknown}
 k - a scroll of fog {unknown}
 l - a scroll of blinking {unknown}
Comestibles
 f - a ration


   Skills:
 + Level 3.4 Fighting
 + Level 5.6 Polearms
 - Level 2.0 Throwing
 - Level 4.0 Dodging


You had 2 spell levels left.
You didn't know any spells.
Your spell library was empty.

Dungeon Overview and Level Annotations

Branches:
Dungeon (2/15)

Altars:


Message History

Press: ? - help, Shift-Dir - straight line, f - giant cockroach
Aim: a giant cockroach (chance to blind on hit: 100%)
You throw an atropa-tipped dart.
The atropa-tipped dart hits the giant cockroach.
The giant cockroach appears confused.
You feel sick.
You are no longer poisoned.
You start resting.
The giant cockroach is too close now for your liking.
Attack whom?
Press: ? - help, Dir - move target cursor, f/p - giant cockroach
Aim: a giant cockroach (blind, clinging)
You reach to attack!
You hit the giant cockroach.
The giant cockroach is severely wounded.
You hit the giant cockroach but do no damage.
The giant cockroach is heavily wounded.
You feel less wooden.
Your +0 helmet unmelds from your body.
Your +0 ring mail unmelds from your body.
The giant cockroach is no longer blind.
The giant cockroach bites you.
You die...

!.##.#..
#.#!...#.
#.......s ####
#........ #...
#........ #...
#..(....)
#...##...(....
#...@s........
######...##.##
#.#.# ..#..#
... .# .##. ..
. .# #. #. .#
.#


You could see a giant cockroach.

Vanquished Creatures
  A gnoll (D:1)
  An adder (D:2)
  2 dart slugs (D:1)
  A leopard gecko (D:1)
  2 giant cockroaches
  2 hobgoblins
  2 kobolds (D:1)
  2 ball pythons (D:1)
  A bat (D:1)
  2 frilled lizards (D:1)
  5 goblins
  4 rats (D:1)
25 creatures vanquished.

Notes
Turn   | Place    | Note
-------+----------+-------------------------------------------
     0 | D:1      | Faca the Merfolk Gladiator began the quest for the Orb.
     0 | D:1      | Reached XP level 1. HP: 16/16 MP: 1/1
   164 | D:1      | Reached XP level 2. HP: 20/23 MP: 2/2
   249 | D:1      | Reached skill level 5 in Polearms
   461 | D:1      | Reached XP level 3. HP: 29/29 MP: 3/3
   967 | D:2      | Slain by a giant cockroach

Levels and vault maps discovered:
D:1:      minmay_arrival_plants_in_alcoves, layout_loops_ring, serial_forest,
          infiniplex_forest_clump_small, infiniplex_forest_clump_curved,
          infiniplex_forest_straight_1, infiniplex_forest_3_way,
          infiniplex_forest_end_2, infiniplex_forest_straight_3,
          infiniplex_forest_straight_4, infiniplex_forest_lined_room_
D:2:      layout_rooms, fedhas_altar_3

Skill      XL: |  1  2 |
---------------+-------+-----
Polearms       | 5 |  5.6
Fighting       | 3 |  3.4
Throwing       | |  2.0
Dodging        | |  4.0

Action                   || total
-------------------------++-------
Melee: Trident           ||    90
Throw: Dart              ||     1
  Use: Potion            ||     2
Armor: Ring mail         ||    18
       Skin              ||    20
Dodge: Dodged            ||    25
